 Dungeon Crawl Stone Soup version 0.27.0-1-g7a089689b8 (webtiles) character file.

Game seed: 3195751104924248460

137 Malachi the Slasher (level 5, -2/66 HPs)
             Began as a Palentonga Berserker on Aug 11, 2021.
             Was a Priest of Trog.
             Succumbed to an orc's poison
             ... on level 3 of the Dungeon.
             The game lasted 00:03:47 (2337 turns).

Malachi the Slasher (Palentonga Berserker)          Turns: 2337, Time: 00:03:48

Health: -2/66      AC:  9    Str: 21    XL:     5   Next: 0%
Magic:  5/5        EV:  6    Int:  8    God:    Trog [***...]
Gold:   118        SH:  0    Dex:  9    Spells: 4/4 levels left

rFire    . . .     SeeInvis +   a - +0 falchion
rCold    . . .     Faith    .   (no shield)
rNeg     . . .     Spirit   .   m - +0 chain mail
rPois    .         Reflect  .   (no helmet)
rElec    .         Harm     .   b - +0 cloak
rCorr    .         Rampage  .   l - +0 pair of gloves
Will     ++...                  (no barding)
Stlth    ..........             (no amulet)
HPRegen  1.21/turn              (no ring)
MPRegen  0.09/turn              (no ring)

@: berserking, lethally poisoned (-2 -> -32), strong-willed (expiring),
regenerating (expiring), very quick
A: large, rugged brown scales 3, see invisible, deformed body, roll 1, armoured
tail
a: Rolling Charge, Renounce Religion, Berserk, Trog's Hand


You were on level 3 of the Dungeon.
You worshipped Trog.
Trog was most pleased with you.
You visited 1 branch of the dungeon, and saw 3 of its levels.

You collected 118 gold pieces.

Inventory:

Hand Weapons
 a - a +0 falchion (weapon)
Armour
 b - a +0 cloak (worn)
 l - a +0 pair of gloves (worn)
 m - a +0 chain mail (worn)
Scrolls
 d - a scroll of fear {unknown}
 f - a scroll of teleportation {unknown}
 g - a scroll of identify {unknown}
 h - 2 scrolls of enchant armour {unknown}
 i - a scroll of vulnerability {unknown}
 j - a scroll of noise {unknown}
Potions
 c - 2 potions of lignification {unknown}
 e - a potion of attraction {unknown}
 k - a potion of heal wounds {unknown}


   Skills:
 + Level 4.0 Fighting
 + Level 4.4 Long Blades
 + Level 1.6 Armour
 + Level 2.3 Dodging


You had 4 spell levels left.
You didn't know any spells.
Your spell library was empty.

Dungeon Overview and Level Annotations

Branches:
Dungeon (3/15)

Altars:

Shops:
D:3 (


Innate Abilities, Weirdness & Mutations

You are completely covered in rugged brown scales. (AC +3, +7% HP)
You have supernaturally acute eyesight. (SInv)
Armour fits poorly on your strangely shaped body.
You can roll at nearby foes to attack.
You have a long armoured tail.


Message History

The orc is moderately wounded.
You feel very sick. The orc hits you but does no damage.
You are more poisoned.
The bat hits you but does no damage.
You hit the orc but do no damage.
Your tail-slap misses the orc.
The orc is moderately wounded.
You feel very sick. The bat hits you. The bat closely misses you.
The orc hits you with a +4 short sword of venom.
You are lethally poisoned!
You are too injured to fight recklessly!
You are too injured to fight recklessly!
Unknown command.
Your skin crawls.
You feel strong-willed.
You feel extremely sick.
The bat hits you but does no damage. x2; The orc hits you but does no damage.
You are more poisoned.
A red film seems to cover your vision as you go berserk!
You feel yourself moving faster!
You feel mighty!
You feel the effects of Trog's Hand fading.
* * * LOW HITPOINT WARNING * * *
You feel extremely sick. The bat closely misses you.
The orc hits you with a +4 short sword of venom.
* * * LOW HITPOINT WARNING * * *
You are more poisoned.
You barely miss the orc.
The orc is moderately wounded.
* * * LOW HITPOINT WARNING * * *
You feel extremely sick.
The orc hits you with a +4 short sword of venom.
* * * LOW HITPOINT WARNING * * *
You are more poisoned.
The bat barely misses you.
You are too berserk!
You closely miss the orc.
The orc is moderately wounded.
You die...

.# .# .# .# .# .#
###b##### ♣♣ ♣♣♣.@o....#
P ≈≈P≈P♣♣P≈≈♣####..#
≈≈≈≈≈≈≈≈≈P≈≈≈♣≈≈♣♣###
≈PP≈≈≈≈≈≈≈P≈≈≈≈≈≈≈♣P#
≈≈≈≈≈≈≈≈≈≈≈≈≈♣≈≈♣PP≈♣# #
≈≈≈≈≈≈≈≈≈≈≈≈≈≈≈≈≈P≈≈≈♣.#
P≈≈≈≈≈≈≈≈≈≈≈≈≈≈P≈≈♣≈PP.#
≈≈≈≈≈≈≈≈≈≈≈≈≈≈≈P≈P≈≈♣♣##
P†≈≈≈≈≈≈≈≈≈≈≈≈≈≈♣≈≈♣♣


You could see an orc and a bat.

Vanquished Creatures
  Robin (D:2)
  3 adders (D:2)
  A worm (D:2)
  A dart slug (D:1)
  4 orcs (D:2)
  5 bats
  10 endoplasms
  8 giant cockroaches
  13 goblins
  5 hobgoblins
  8 jackals
  4 kobolds
  2 quokkas (D:1)
  8 ball pythons
  A frilled lizard (D:2)
  3 rats
77 creatures vanquished.

Vanquished Creatures (others)
  9 plants (D:3)
9 creatures vanquished.

Grand Total: 86 creatures vanquished

Notes
Turn   | Place    | Note
-------+----------+-------------------------------------------
     0 | D:1      | Malachi the Palentonga Berserker began the quest for the
                  | Orb.
     0 | D:1      | Reached XP level 1. HP: 19/19 MP: 1/1
   203 | D:1      | Reached XP level 2. HP: 16/25 MP: 2/2
   758 | D:1      | Reached ** piety under Trog
   759 | D:1      | Reached XP level 3. HP: 31/31 MP: 3/3
   985 | D:1      | Found a faded altar of an unknown god.
  1530 | D:2      | Reached XP level 4. HP: 36/39 MP: 4/4
  1583 | D:2      | Noticed Robin
  1596 | D:2      | Killed Robin
  2083 | D:3      | Reached *** piety under Trog
  2165 | D:3      | Found Paes's Antique Weapon Emporium.
  2276 | D:3      | Reached XP level 5. HP: 40/44 MP: 5/5
  2337 | D:3      | Succumbed to an orc's poison

Illustrated notes

Levels and vault maps discovered:
D:1:      dpeg_arrival_prison, layout_loops_ring, basic_ecumenical_altar
D:2:      layout_rooms, uniq_robin
D:3:      layout_loops_ring, mainiacjoe_overflow_alcove_2, marbit_many_paths,
          trog_wizard, serial_bayou, serial_bayou_lagoon_a, serial_bayou_ford_a,
          serial_bayou_pond_a, serial_bayou_pond_e, serial_bayou_shore_b,
          serial_bayou_lake_a, serial_shops, shop, uniq_natasha

Skill      XL: |  1  2  3  4 |
---------------+-------------+-----
Dodging        | 2 |  2.3
Long Blades    | 4 |  4.4
Fighting       | 4 |  4.0
Armour         | |  1.6

Action                   |  1- 3 |  4- 6 || total
-------------------------+-------+-------++-------
Melee: Falchion          |    89 |    74 ||   163
       Tailslap          |    10 |     7 ||    17
Invok: Berserk           |     3 |     4 ||     7
       Trog's Hand       |       |     1 ||     1
 Abil: Rolling Charge    |    11 |       ||    11
Armor: Animal skin       |    27 |    16 ||    43
       Chain mail        |       |    45 ||    45
Dodge: Dodged            |    39 |    35 ||    74
       Rpst.: Falchion   |    12 |    10 ||    22
